 Dungeon Crawl Stone Soup version 0.27-a0-836-gfc908b8576 (webtiles) character file.

Game seed: 1476128617289907647

101 polve the Ruffian (level 4, -3/35 HPs)
             Began as a Draconian Transmuter on Mar 31, 2021.
             Slain by a gnoll
             ... wielding a +0 spear
              (10 damage)
             ... on level 3 of the Dungeon.
             The game lasted 00:02:07 (2479 turns).

polve the Ruffian (Draconian Transmuter)            Turns: 2479, Time: 00:02:08

Health: -3/35      AC:  5    Str: 12    XL:     4   Next: 48%
Magic:  7/7        EV: 12    Int: 15    God:
Gold:   89         SH:  0    Dex: 11    Spells: 6/7 levels left

rFire    . . .     SeeInvis .     - Unarmed
rCold    . . .     Faith    .   (no shield)
rNeg     . . .     Spirit   .   (armour unavailable)
rPois    .         Reflect  .   (helmet restricted)
rElec    .         Harm     .   (no cloak)
rCorr    .         Rampage  .   (no gloves)
Will     .....                  (no boots)
Stlth    +.........             (no amulet)
HPRegen  0.11/turn              (no ring)
MPRegen  0.10/turn              (no ring)

@: mighty, attractive
A: AC +5, unfitting armour, cold-blooded
a: no special abilities


You were on level 3 of the Dungeon.
You visited 1 branch of the dungeon, and saw 3 of its levels.

You collected 89 gold pieces.

Inventory:

Wands
 k - a wand of random effects (19)
Scrolls
 a - a scroll of summoning {unknown}
 c - a scroll of fear {unknown}
 e - a scroll of amnesia {unknown}
 g - a scroll of silence {unknown}
 h - a scroll of immolation {unknown}
 j - 2 scrolls of identify {unknown}
Potions
 b - a potion of attraction
 f - a potion of heal wounds {unknown}
 i - a potion of curing {unknown}
 l - 2 potions of flight {unknown}


   Skills:
 - Level 1.1 Fighting
 - Level 1.7 Dodging
 + Level 5.3 Unarmed Combat
 - Level 2.0 Spellcasting
 - Level 2.0 Transmutations


You had 6 spell levels left.
You knew the following spells:

 Your Spells              Type           Power      Damage    Failure   Level
a - Beastly Appendage     Tmut           14%        N/A       10%         1

Your spell library contained the following spells:

 Spells                   Type           Power      Damage    Failure   Level
 Wereblood                Tmut           7%         N/A       14%         2
 Spider Form              Tmut/Pois      2%         N/A       41%         3
 Ice Form                 Ice/Tmut       4%         N/A       82%         4
 Hydra Form               Tmut           3%         N/A       95%         5


Dungeon Overview and Level Annotations

Branches:
Dungeon (3/15)

Altars:


Innate Abilities, Weirdness & Mutations

Your plain brown scales are hard. (AC +5)
You cannot fit into any form of body armour.
You are cold-blooded and may be slowed by cold attacks.


Message History

A gnoll comes into view. It is wielding a +0 spear.
The gnoll shouts!
A gnoll comes into view. It is wielding a +0 flail.
The gnoll shouts!
Items here: ( )) [ †.
The gnoll closely misses you.
Items here: ( ) ††.
Items here: )))) ÷÷÷.
Found 2 inky potions.
Casting: Beastly Appendage (safe; 10% risk of failure)
Confirm with . or Enter, or press ? or * to list all spells.
You grow a pair of large bovine horns.
Your feet morph into talons.
The gnoll completely misses you.
You barely miss the gnoll. You claw the gnoll.
The gnoll is lightly wounded.
The gnoll hits you with a +0 spear! The gnoll closely misses you.
You hit the gnoll but do no damage.
The gnoll is lightly wounded.
The gnoll hits you with a +0 spear. The gnoll barely misses you.
You barely miss the gnoll. Your kick misses the gnoll.
The gnoll is lightly wounded.
The gnoll closely misses you. x2
You hit the gnoll but do no damage.
The gnoll is lightly wounded.
The gnoll hits you with a +0 spear!
* * * LOW HITPOINT WARNING * * *
The gnoll hits you from afar with a +0 spear.
* * * LOW HITPOINT WARNING * * *
Your transformation is almost over.
The gnoll barely misses you.
Your horns disappear.
Your talons disappear.
The gnoll shouts!
A worm comes into view.
Found a grey potion and a bubbling red potion.
It was a potion of might.
You feel very mighty all of a sudden.
It was a potion of attraction.
You feel attractive to monsters.
The gnoll hits you from afar with a +0 spear!
You die...

#.#.##########.......#
##.#)# #######<# ##.#.#
#.# ##)#.## #.# ##..).##
#.# .#.#.#.# #.#
.g.....# #.## ##.....#
########...#
.#.##.#.#####.g.@w......
...#.###....gg######...!
.#.##g#.####..# !
.......# #g.# ##.#.#g#
#..##### #.#.#.#
#......# #.#.#.#
#......# ....#.#
#......#
.###.######.....##


You could see a worm and 3 gnolls.

Vanquished Creatures
  Robin (D:3)
  2 adders (D:2)
  An ufetubus (D:2)
  4 worms
  3 ball pythons
  6 bats
  8 endoplasms
  A giant cockroach (D:2)
  10 goblins
  6 hobgoblins
  A quokka (D:2)
  3 frilled lizards
  3 kobolds
  2 rats
51 creatures vanquished.

Notes
Turn   | Place    | Note
-------+----------+-------------------------------------------
     0 | D:1      | polve the Draconian Transmuter began the quest for the Orb.
     0 | D:1      | Reached XP level 1. HP: 16/16 MP: 3/3
   509 | D:1      | Reached XP level 2. HP: 20/23 MP: 5/5
   849 | D:2      | Reached skill level 4 in Unarmed Combat
   864 | D:2      | Reached XP level 3. HP: 28/28 MP: 4/6
  1877 | D:2      | Reached XP level 4. HP: 35/35 MP: 5/7
  2157 | D:3      | Noticed Robin
  2185 | D:3      | Reached skill level 5 in Unarmed Combat
  2199 | D:3      | Killed Robin
  2479 | D:3      | Slain by a gnoll

Illustrated notes

Levels and vault maps discovered:
D:1:      heliophobic_arrival_henge, layout_loops_ring, minmay_misc_feat_x
D:2:      layout_loops_ring, grunt_ministairs_14, kennysheep_nondescript
D:3:      layout_loops_ring, chequers_ecumenical_altar_simple_redux,
          lightli_corner_chamber, uniq_terence, uniq_robin

Skill      XL: |  1  2  3  4 |
---------------+-------------+-----
Unarmed Combat | 4 5 |  5.3
Fighting       | |  1.1
Dodging        | |  1.7
Spellcasting   | |  2.0
Transmutations | |  2.0

Action                   |  1- 3 |  4- 6 || total
-------------------------+-------+-------++-------
Melee: Unarmed           |    85 |    54 ||   139
       Kick              |    15 |     7 ||    22
       Tailslap          |     9 |     2 ||    11
       Headbutt          |     5 |     5 ||    10
       Punch             |     1 |     3 ||     4
 Cast: Beastly Appendage |    30 |     7 ||    37
  Use: Potion            |       |     2 ||     2
 Stab: Sleeping          |     3 |       ||     3
Armor: Skin              |    22 |    11 ||    33
Dodge: Dodged            |    56 |    45 ||   101

Table legend: (Time is in decaauts)
 A = Elapsed time spent in this place.
 B = Non-inter-level travel time spent in this place.
 C = Inter-level travel time spent in this place.
 D = Time resting spent in this place.
 E = Time spent auto-exploring this place.
 F = Levels seen in this place.
 G = Mean time per level.
                   A        B        C        D        E       F      G
               +--------+--------+--------+--------+--------+-----+--------+
         Total |   2468 |   2413 |     55 |      0 |   1971 |   3 |  822.7 |
       Dungeon |   2468 |   2413 |     55 |      0 |   1971 |   3 |  822.7 |
               +--------+--------+--------+--------+--------+-----+--------+

Top non-repeatable levels by time:
     D:2: 1266 daAuts
     D:1: 843 daAuts
     D:3: 358 daAuts
